 Dungeon Crawl Stone Soup version 0.31.0-32-g396128a36d (webtiles) character file.

Game seed: 13700441025833222761

106 Zeor the Shooter (level 4, -1/27 HPs)
             Began as a Tengu Hunter on Apr 5, 2024.
             Slain by Terence
             ... wielding a +0 trident
              (5 damage)
             ... on level 2 of the Dungeon.
             The game lasted 00:03:10 (1165 turns).

Zeor the Shooter (Tengu Hunter)                     Turns: 1165, Time: 00:03:11

Health: -1/27      AC:  5    Str: 11    XL:     4   Next: 84%
Magic:  5/5        EV: 13    Int: 10    God:
Gold:   56         SH:  0    Dex: 19    Spells: 3/3 levels left

rFire   . . .        b - +0 dagger (speed)
rCold   . . .        (no shield)
rNeg    . . .        c - +0 leather armour
rPois   .            (helmet restricted)
rElec   .            i - +0 cloak
rCorr   .            e - +0 pair of gloves
SInv    .            (boots unavailable)
Will    .....        (no amulet)
Stlth   ++           (no ring)
HPRegen 0.24/turn    (no ring)
MPRegen 0.09/turn

%: acrobat
@: no status effects
A: beak, talons 3, acrobatic
a: no special abilities


You were on level 2 of the Dungeon.
You visited 1 branch of the dungeon, and saw 2 of its levels.

You collected 56 gold pieces.

Inventory:

Hand Weapons
 a - a +1 shortbow
 b - a +0 dagger of speed (weapon)
Missiles
 f - a throwing net
Armour
 c - a +0 leather armour (worn)
 e - a +0 pair of gloves (worn)
 i - a +0 cloak (worn)
Scrolls
 g - a scroll of teleportation
 h - a scroll of butterflies


   Skills:
 * Level 2.5 Fighting
 + Level 6.0 Ranged Weapons
 + Level 0.1 Armour
 * Level 3.0 Dodging
 + Level 1.0 Stealth


You had 3 spell levels left.
You didn't know any spells.
Your spell library contained the following spells:

 Spells                   Type           Power      Damage    Failure   Level
 Blink                    Tloc           0%         N/A       58%         2
 Lesser Beckoning         Tloc           0%         N/A       58%         2
 Momentum Strike          Conj/Tloc      0%         3d8       58%         2


Dungeon Overview and Level Annotations

Branches:
Dungeon (2/15)

Altars:

Shops:
D:2 :

Annotations:
D:2 Terence


Innate Abilities, Weirdness & Mutations

You have a beak for a mouth.
You have claws for feet.
You can magically evade attacks while moving or waiting.


Message History

Terence completely misses you.
You hit Terence but do no damage. Terence barely misses you.
You closely miss Terence. Terence misses you.
You hit Terence but do no damage. You claw Terence, but do no damage.
You peck Terence, but do no damage. Terence closely misses you.
You hit Terence but do no damage. You claw Terence.
Terence is lightly wounded.
You barely miss Terence. You claw Terence, but do no damage.
You peck Terence, but do no damage.
Terence is lightly wounded.
Terence hits you with a +0 trident.
You hit Terence but do no damage.
Terence is lightly wounded.
Terence hits you with a +0 trident.
You hit Terence but do no damage. You claw Terence.
You peck Terence, but do no damage.
Terence is moderately wounded.
You closely miss Terence. Your kick misses Terence. You peck Terence.
Terence is heavily wounded.
Terence hits you with a +0 trident!
* * * LOW HITPOINT WARNING * * *
You hit Terence. You claw Terence, but do no damage.
Terence is severely wounded.
You hit Terence but do no damage. You peck Terence.
Terence is almost dead.
Terence hits you but does no damage.
You hit Terence.
Terence is almost dead.
Terence misses you.
You closely miss Terence.
Terence is almost dead.
Terence hits you with a +0 trident.
* * * LOW HITPOINT WARNING * * *
You hit Terence but do no damage.
Terence is almost dead.
You hit Terence but do no damage.
Terence is almost dead.
Terence hits you with a +0 trident.
You die...
Terence says, "Rest in peace."

▒∙∙∙▒ ▒▒▒∙∙∙▒
▒>∙∙∙∙■ ▒∙∙∙∙∙▒
▒▒▒▒▒ ▒▒▒▒▒▒∙∙∙∙∙▒
▒∙∙∙∙
▒∙∙∙∙∙∙▒∙∙▒▒▒▒∙▒▒▒
▒∙▒▒▒▒▒▒▒∙∙∙∙∙∙∙∙∙
▒∙▒∙∙∙(∙∙∙∙∙∙∙∙∙∙∙
▒Q▒∙∙∙▒▒▒∙∙▒▒▒▒▒▒∙
▒@▒∙∙∙▒∙∙∙∙∙∙∙[∙∙∙
▒∙∙∙∙!▒∙▒∙∙∙▒▒▒▒▒▒
▒▒▒▒∙∙▒∙▒∙∙∙▒∙∙∙∙∙
∙▒∙∙∙∙∙∙∙∙∙∙∙
▒▒▒▒▒∙▒∙▒▒▒▒


∙∙∙∙∙∙∙∙∙∙∙∙ ∙∙▒▒▒▒▒▒▒▒▒▒ ∙∙∙ You could see Terence.

Vanquished Creatures
  A bombardier beetle (D:2)
  Natasha (D:2)
  An adder (D:2)
  A gnoll (D:1)
  3 bats (D:1)
  3 endoplasms (D:1)
  3 goblins
  3 hobgoblins (D:1)
  3 jackals (D:1)
  2 quokkas
  2 ball pythons (D:1)
  2 frilled lizards
  A kobold (D:2)
  2 rats (D:1)
28 creatures vanquished.

Notes
Turn   | Place    | Note
-------+----------+-------------------------------------------
     0 | D:1      | Zeor the Tengu Hunter began the quest for the Orb.
     0 | D:1      | Reached XP level 1. HP: 12/12 MP: 2/2
    95 | D:1      | Reached XP level 2. HP: 13/17 MP: 3/3
   294 | D:1      | Reached skill level 5 in Ranged Weapons
   310 | D:1      | Reached XP level 3. HP: 18/21 MP: 4/4
   927 | D:2      | Reached XP level 4. HP: 11/27 MP: 5/5
  1039 | D:2      | Found Baviug's Book Shop.
  1135 | D:2      | Noticed Terence
  1138 | D:2      | Noticed Natasha
  1149 | D:2      | Killed Natasha
  1150 | D:2      | Reached skill level 6 in Ranged Weapons
  1165 | D:2      | Slain by Terence

Illustrated notes

Levels and vault maps discovered:
D:1:      nzn_arrival_crosshair, layout_basic
D:2:      layout_basic, serial_shops, shop, uniq_natasha, uniq_terence

Skill      XL: |  1  2  3  4 |
---------------+-------------+-----
Ranged Weapons | 5 6 |  6.0
Dodging        | 3 |  3.0
Fighting       | |  2.5
Armour         | |  0.1
Stealth        | |  1.0

Action                     |  1- 3 |  4- 6 || total
---------------------------+-------+-------++-------
  Melee: Dagger            |       |    28 ||    28
         Kick              |       |    10 ||    10
         Peck              |       |     6 ||     6
   Fire: Shortbow          |    78 |     8 ||    86
    Use: Scroll            |     4 |       ||     4
         Potion            |       |     1 ||     1
 Armour: Leather armour    |    15 |    16 ||    31
  Dodge: Dodged            |    22 |    12 ||    34
